 Dungeon Crawl Stone Soup version 0.28-a0-535-g6f645e4c1d (webtiles) character file.

Game seed: 13512554585997400637

3708 jasper the Unhurried (level 9, -1/57 HPs)
             Began as a Demonspawn Enchanter on Sept 26, 2021.
             Was a Believer of Cheibriados.
             Slain by a gnoll sergeant (3 damage)
             ... on level 7 of the Dungeon.
             The game lasted 00:15:47 (8646 turns).

jasper the Unhurried (Demonspawn Enchanter)         Turns: 8646, Time: 00:15:47

Health: -1/57      AC:  6    Str: 13    XL:     9   Next: 91%
Magic:  10/19      EV: 12    Int: 23    God:    Cheibriados [**....]
Gold:   396        SH:  5    Dex: 18    Spells: 14/22 levels left

rFire   . . .      SeeInvis .   l - +4 dagger (venom)
rCold   . . .      Faith    .   (no shield)
rNeg    . . .      Spirit   .   A - +0 robe {Archmagi}
rPois   .          Reflect  +   (no helmet)
rElec   .          Harm     .   m - +0 cloak
rCorr   .          Rampage  .   (no gloves)
Will    .....      Archmagi +   (no boots)
Stlth   ++++......              B - amulet of reflection
HPRegen 0.19/turn               (no ring)
MPRegen 0.16/turn               (no ring)

@: very slightly contaminated, invisible, very slow
A: hooves 1, molten scales 2, spiny 2
a: Renounce Religion, Bend Time


You were on level 7 of the Dungeon.
You worshipped Cheibriados.
Cheibriados was pleased with you.
You visited 2 branches of the dungeon, and saw 8 of its levels.

You collected 396 gold pieces.

Inventory:

Hand Weapons
 a - a +1 dagger
 j - a +1 short sword of protection
 l - a +4 dagger of venom (weapon)
 n - a +0 rapier
 p - a +3 short sword of venom
 r - a +0 vorpal shortbow
Missiles
 g - 165 stones
 q - 24 poisoned darts
 u - 73 arrows
Armour
 b - a +0 robe
 c - a +1 robe of willpower
 h - a +0 leather armour
 m - a +0 cloak (worn)
 t - a +0 scale mail of fire resistance
 A - a +0 robe of the Archmagi (worn)
 E - the +0 ring mail "Ecuqot" {+Blink Str+5 Int+4 Dex-2}
   (You found it on level 6 of the Dungeon)

   Str:       It affects your strength (+5).
   Int:       It affects your intelligence (+4).
   Dex:       It affects your dexterity (-2).
   +Blink:    It lets you blink.
 G - +0 steam dragon scales
Magical Staves
 k - a staff of conjuration
Jewellery
 B - an amulet of reflection (around neck)
Wands
 s - a wand of digging (7)
Scrolls
 e - a scroll of identify
 w - 2 scrolls of enchant weapon {unknown}
 y - a scroll of holy word {unknown}
 C - a scroll of teleportation
 F - 3 scrolls of fear {unknown}
 H - 2 scrolls of enchant armour {unknown}
Potions
 d - a potion of attraction
 f - a potion of mutation
 o - 2 potions of curing {unknown}
 v - a potion of brilliance {unknown}
 x - 2 potions of cancellation {unknown}
 z - a potion of lignification {unknown}


   Skills:
 - Level 3.0 Short Blades
 - Level 1.7 Dodging
 + Level 8.5 Stealth
 + Level 7.0 Spellcasting
 - Level 5.0 Hexes
 - Level 3.0 Ice Magic
 * Level 8.6 Invocations


You had 14 spell levels left.
You knew the following spells:

 Your Spells              Type           Power      Damage    Failure   Level
a - Ensorcelled Hibernat  Hex/Ice        78%        N/A       2%          2
b - Confusing Touch       Hex            46%        N/A       3%          3
c - Tukima's Dance        Hex            46%        N/A       3%          3

Your spell library contained the following spells:

 Spells                   Type           Power      Damage    Failure   Level
 Dazzling Flash           Conj/Hex       58%        N/A       9%          3
 Fulminant Prism          Conj/Hex       14%        3d9       26%         4
 Iskenderun's Mystic Bla  Conj/Tloc      12%        2d5       58%         4
 Lee's Rapid Deconstruct  Erth           6%         3d7*      91%         5


Dungeon Overview and Level Annotations

Branches:
Dungeon (7/15)             Temple (1/1) D:5

Altars:
Ashenzari
Cheibriados
Dithmenos
Elyvilon
Fedhas
Gozag
Hepliaklqana
Makhleb
Nemelex Xobeh
Qazlal
Ru
Sif Muna
Trog
Uskayaw
Vehumet
Wu Jian
The Shining One

Annotations:
D:3 exclusion: 2 gnolls


Innate Abilities, Weirdness & Mutations

You have large cloven feet.
You are mostly covered in molten scales. (AC +3)
You are mostly covered in sharp spines.


Message History

Aiming: Tukima's Dance (dangerous; 3% risk of failure)
Press: ? - help, Shift-Dir - straight line, f - gnoll shaman
Aim: a gnoll shaman, wielding a +0 whip and wearing a +0 robe (chance to affect: 71%)
You feel a surge of power!
The gnoll shaman struggles to resist.
The gnoll barely misses you.
The gnoll shaman hits you with a +0 whip!
The gnoll sergeant hits you from afar with a +4 trident of freezing!
* * * LOW HITPOINT WARNING * * *
The gnoll sergeant freezes you.
* * * LOW HITPOINT WARNING * * *
You take 17 damage, and have 11/57 hp.
MASSIVE DAMAGE!!
You now have 9/19 mp.
You feel much better. You block the gnoll shaman's attack.
You block the gnoll's attack. The gnoll sergeant barely misses you.
You regained 25 hp, and now have 36/57 hp.
You fade into invisibility!
The gnoll is struck by your spines. The gnoll closely misses you. x2
The gnoll shaman is struck by your spines.
The gnoll shaman hits you with a +0 whip.
You block the gnoll sergeant's attack.
You are very lightly contaminated with residual magic.
You take 6 damage, and have 30/57 hp.
You hit the gnoll.
You kill the gnoll!
Cheibriados appreciates the change of pace.
The gnoll shaman is struck by your spines.
The gnoll shaman barely misses you.
The gnoll hits you from afar with a +0 spear.
The gnoll sergeant hits you from afar with a +4 trident of freezing!
The gnoll sergeant freezes you.
* * * LOW HITPOINT WARNING * * *
You take 15 damage, and have 15/57 hp.
MASSIVE DAMAGE!!
You catch the helpless gnoll shaman completely off-guard!
You impale the gnoll shaman!!
You kill the gnoll shaman!
Cheibriados thoroughly appreciates the change of pace.
The gnoll hits you but does no damage. The gnoll barely misses you.
The gnoll sergeant hits you from afar with a +4 trident of freezing!
* * * LOW HITPOINT WARNING * * *
The gnoll sergeant freezes you.
You die...

g...... ....... g......
....... .g..... .......
#############.......
##........@)ggg......
.###........g##gg......#
................g....... #
...##.................#.
#...............###...#...
#..####.....#...# .....##
...###.....##.##.. ..####
#...#.#..#...# .....#
#.#..........# ....


You could see a gnoll sergeant and 6 gnolls.

Vanquished Creatures
  Pikel (D:5)
  Maggie (D:7)
  Prince Ribbit (D:6)
  5 yaks (D:7)
  2 water moccasins
  Duvessa (D:6)
  An ice beast (D:7)
  An ogre (D:4)
  2 centaurs
  A phantom (D:5)
  A kobold brigand (D:7)
  A bullfrog (D:6)
  3 scorpions
  A water moccasin skeleton (D:6)
  2 wights (D:6)
  3 electric eels (D:6)
  A howler monkey (D:3)
  2 hounds
  2 bullfrog skeletons
  A gnoll shaman (D:7)
  2 orc priests (D:5)
  A centaur skeleton (D:7)
  5 iguanas
  3 orc wizards
  A killer bee zombie (D:7)
  5 gnolls (D:7)
  6 adders
  A howler monkey skeleton (D:5)
  2 shadow imps (D:5)
  A white imp (D:7)
  An adder skeleton (D:4)
  A worm (D:4)
  4 dart slugs
  12 orcs
  3 endoplasms
  4 giant cockroaches
  8 goblins
  5 hobgoblins
  7 jackals
  2 quokkas
  3 ball pythons
  4 bats
  2 frilled lizards (D:3)
  21 kobolds
  4 rats
141 creatures vanquished.

Vanquished Creatures (collateral kills)
  A gnoll sergeant (D:7)
  Dowan (D:6)
  A wight (D:6)
  A gnoll (D:7)
4 creatures vanquished.

Vanquished Creatures (others)
  2 dancing weapons
  17 plants
19 creatures vanquished.

Grand Total: 164 creatures vanquished

Notes
Turn   | Place    | Note
-------+----------+-------------------------------------------
     0 | D:1      | jasper the Demonspawn Enchanter began the quest for the
                  | Orb.
     0 | D:1      | Reached XP level 1. HP: 13/13 MP: 3/3
   429 | D:1      | Gained mutation: You are partially covered in sharp spines.
                  | [demonic ancestry]
   429 | D:1      | Reached XP level 2. HP: 19/19 MP: 5/5
   432 | D:1      | Learned a level 2 spell: Ensorcelled Hibernation
   525 | D:1      | Found a faded altar of an unknown god.
  1282 | D:2      | Gained mutation: You are partially covered in molten
                  | scales. (AC +2) [demonic ancestry]
  1282 | D:2      | Reached XP level 3. HP: 24/24 MP: 1/6
  1286 | D:2      | Learned a level 3 spell: Confusing Touch
  1765 | D:2      | Reached skill level 1 in Ice Magic
  2694 | D:3      | Gained mutation: You are mostly covered in sharp spines.
                  | [demonic ancestry]
  2694 | D:3      | Reached XP level 4. HP: 30/30 MP: 4/7
  3200 | D:3      | Found a burning altar of Makhleb.
  3573 | D:4      | Reached XP level 5. HP: 35/35 MP: 8/8
  3577 | D:4      | Learned a level 3 spell: Tukima's Dance
  3886 | D:4      | Noticed an ogre
  3908 | D:4      | Killed an ogre
  4045 | D:4      | Found a hide-covered altar of Uskayaw.
  4076 | D:4      | Gained mutation: You are mostly covered in molten scales.
                  | (AC +3) [demonic ancestry]
  4076 | D:4      | Reached XP level 6. HP: 41/41 MP: 9/9
  4142 | D:4      | Reached skill level 5 in Hexes
  4600 | D:5      | Entered Level 5 of the Dungeon
  4607 | D:5      | Reached skill level 1 in Short Blades
  4885 | D:5      | Gained mutation: You have large cloven feet. [demonic
                  | ancestry]
  4885 | D:5      | Reached XP level 7. HP: 37/46 MP: 5/10
  5205 | D:5      | Found a hazy altar of Hepliaklqana.
  5206 | D:5      | Found a blossoming altar of Fedhas.
  5278 | D:5      | Reached skill level 5 in Stealth
  5384 | D:5      | Found a staircase to the Ecumenical Temple.
  5409 | Temple   | Entered the Ecumenical Temple
  5460 | Temple   | Became a worshipper of Cheibriados the Contemplative
  5688 | D:5      | Noticed Pikel
  5700 | D:5      | Killed Pikel
  5701 | D:5      | Reached XP level 8. HP: 29/52 MP: 4/15
  6058 | D:6      | Noticed Prince Ribbit
  6071 | D:6      | Killed Prince Ribbit
  6072 | D:6      | Reached skill level 5 in Spellcasting
  6161 | D:6      | Found an opulent altar of Gozag.
  6211 | D:6      | Reached skill level 1 in Invocations
  6856 | D:6      | Noticed Duvessa
  6863 | D:6      | Noticed Dowan
  6865 | D:6      | Killed Duvessa
  6868 | D:6      | Killed Dowan
  6868 | D:6      | Reached * piety under Cheibriados
  6869 | D:6      | Reached XP level 9. HP: 21/57 MP: 3/17
  7809 | D:6      | Identified the +0 ring mail "Ecuqot" {+Blink Str+5 Int+4
                  | Dex-2}
  7855 | D:7      | Reached skill level 5 in Invocations
  8254 | D:7      | Noticed Maggie
  8278 | D:7      | Killed Maggie
  8636 | D:7      | Reached ** piety under Cheibriados
  8646 | D:7      | HP: 2/57 [gnoll sergeant (13)]
  8646 | D:7      | Slain by a gnoll sergeant

Illustrated notes

Levels and vault maps discovered:
D:1:      lemuel_arrival_broad_hall, layout_basic, basic_ecumenical_altar
D:2:      layout_basic
D:3:      layout_loops_cross, lightli_temple_of_fire, lexackson_kobold_supper
D:4:      layout_basic, marbit_many_paths
D:5:      layout_basic, chequers_temple_overflow_statue_of_worship,
          minmay_temple_entry_proselytizer, kennysheep_generic_room_4,
          uniq_pikel
D:6:      layout_basic, nicolae_gozag_seed_capital, serial_bayou_lagoon_b,
          uniq_prince_ribbit1, uniq_duvessa
D:7:      layout_rooms, chequers_serial_rivers_small_b, uniq_maggie
Temple:   kb_temple_of_zot

Skill      XL: |  1  2  3  4  5  6  7  8  9 |
---------------+----------------------------+-----
Stealth        | 3 4 6 7 8 |  8.5
Ice Magic      | 1 2 3 |  3.0
Hexes          | 4 5 |  5.0
Short Blades   | 2 3 |  3.0
Spellcasting   | 4 5 7 |  7.0
Invocations    | 4 8 |  8.6
Dodging        | |  1.7

Action                   |  1- 3 |  4- 6 |  7- 9 || total
-------------------------+-------+-------+-------++-------
Melee: Dagger            |    85 |    63 |   139 ||   287
       Kick              |       |       |    35 ||    35
 Cast: Ensorcelled Hiber |    25 |    15 |    34 ||    74
       Tukima's Dance    |       |     1 |     6 ||     7
       Confusing Touch   |       |       |     7 ||     7
  Use: Scroll            |     4 |     5 |       ||     9
       Potion            |       |       |     7 ||     7
 Stab: Sleeping          |    28 |    18 |    25 ||    71
       Confused          |       |       |     6 ||     6
       Invisible         |       |       |     1 ||     1
Armor: Robe              |    11 |    14 |    23 ||    48
Dodge: Dodged            |    49 |    33 |    71 ||   153
Block: Other             |       |       |    18 ||    18
       Reflection        |       |       |     1 ||     1

Table legend: (Time is in decaauts)
 A = Elapsed time spent in this place.
 B = Non-inter-level travel time spent in this place.
 C = Inter-level travel time spent in this place.
 D = Time resting spent in this place.
 E = Time spent auto-exploring this place.
 F = Levels seen in this place.
 G = Mean time per level.
                   A        B        C        D        E       F      G
               +--------+--------+--------+--------+--------+-----+--------+
         Total |   9094 |   8811 |    283 |    971 |   6468 |   8 | 1136.8 |
       Dungeon |   9005 |   8757 |    248 |    971 |   6427 |   7 | 1286.4 |
        Temple |     88 |     53 |     35 |      0 |     41 |   1 |   88.0 |
               +--------+--------+--------+--------+--------+-----+--------+

Top non-repeatable levels by time:
     D:6: 2182 daAuts
     D:5: 1448 daAuts
     D:2: 1181 daAuts
     D:1: 1174 daAuts
     D:3: 1137 daAuts
     D:4: 1102 daAuts
     D:7: 779 daAuts
  Temple: 88 daAuts
